AoeStats
← mariemougel88

Arabia

511023459Analyzed
1v1 RM · 8h ago on Oct 3, 2026· 25m 19s· 2 players
Game mode
Random Map
Map size
Tiny (2 player)
Population
200
Speed
Normal
Resources
Standard
Victory
Conquest
Starting age
Dark Age
Ending age
Imperial Age
RankedLock teamsTeams togetherTeam positionsShared explorationLock speedFull tech treeHidden civsTurbo modeCheats
Victory
Defeat
🇹🇷 Spanish · Türkiye
955
+15
🇫🇷 Dravidians · France
932
-15
mariemougel88
7:20 Loom
9:40 Feudal Age
7:59 Loom
10:14 Double-Bit Axe
19:32 Castle Age
18:25 Gold Mining
18:35 Horse Collar
20:56 Fletching
21:36 Husbandry
22:55 Wheelbarrow
lokmanhekim02
6:40 Loom
10:33 Feudal Age
20:41 Castle Age
18:34 Horse Collar
19:03 Stone Mining
19:24 Double-Bit Axe
20:01 Gold Mining
20:32 Forging
20:59 Bloodlines
21:39 Bow Saw
Connection lost

Rejoining the realm…

Still unreachable

The connection could not be restored.

Session expired

The server has moved on; the page needs a fresh start.